 Dungeon Crawl Stone Soup version 0.31.0-1-g2c135a008e (webtiles) character file.

Game seed: 15970443354737615174

74 qw the Shooter (level 4, -3/35 HPs)
             Began as a Djinni Hunter on Jan 23, 2024.
             Slain by an orc
             ... wielding a +0 mace
              (4 damage)
             ... on level 3 of the Dungeon.
             The game lasted 00:00:05 (1277 turns).

qw the Shooter (Djinni Hunter)                      Turns: 1277, Time: 00:00:06

Health: -3/35      AC:  7    Str: 10    XL:     4   Next: 54%
Gold:   83         EV: 11    Int: 10    God:
                   SH:  0    Dex: 19

rFire   + + .        a - +0 shortbow (flame)
rCold   x . .        (shield currently unavailable)
rNeg    . . .        f - +0 ring mail
rPois   inf          (no helmet)
rElec   .            (no cloak)
rCorr   .            (no gloves)
SInv    .            (boots unavailable)
Will    .....        (no amulet)
Stlth   +            (no ring)
HPRegen 0.25/turn    (no ring)
MPRegen 0.00/turn

%: infuse magic (-4 HP)
@: flying
A: sickness immunity, fire resistance 2, cold vulnerability 1, float, innate
caster, HP casting, extra vitality 1, iridescent scales 1
a: no special abilities


You were on level 3 of the Dungeon.
You visited 1 branch of the dungeon, and saw 3 of its levels.

You collected 83 gold pieces.


Innate Abilities, Weirdness & Mutations

You are immune to sickness and miasma.
You are immune to poison.
Your flesh is very heat resistant. (rF++)
You are vulnerable to cold. (rC-)
You float through the air rather than walking.
You learn spells naturally, not from books.
Your magical power is your life essence.
You have superior vitality. (+4 MHP)
You are partially covered in iridescent scales. (AC +2)


   Skills:
 - Level 3.0 Fighting
 - Level 4.0 Ranged Weapons
 + Level 0.9 Armour
 - Level 2.6 Dodging
 - Level 0.7 Stealth


You knew the following spells:

 Your Spells              Type           Power      Damage    Failure   Level
a - Slow                  Hex            0%         N/A       67%         1
Your spell library was empty.

Inventory:

Hand Weapons
 a - a +0 shortbow of flaming (weapon)
Armour
 f - a +0 ring mail (worn)
Scrolls
 b - a scroll of identify

Dungeon Overview and Level Annotations

Branches:
Dungeon (3/15)

Altars:

Annotations:
D:2 1 runed translucent door, Crazy Yiuf
D:3 Robin


Message History

The orc priest is heavily wounded.
The orc hits you but does no damage.
The orc priest hits you with a +0 falchion.
You shoot an arrow.
The arrow hits the orc priest but does no damage.
The orc priest is heavily wounded.
The orc hits you with a +0 mace.
The orc priest hits you but does no damage.
You shoot an arrow.
The arrow hits the orc priest but does no damage.
The orc priest is heavily wounded.
The orc hits you but does no damage. The orc priest barely misses you.
The orc hits you but does no damage.
The orc priest hits you but does no damage.
You shoot an arrow.
The arrow hits the orc priest but does no damage.
The orc priest is heavily wounded.
The orc hits you with a +0 mace.
The orc priest hits you with a +0 falchion.
You shoot an arrow.
The arrow hits the orc priest but does no damage.
The orc priest is heavily wounded.
The orc barely misses you.
The orc priest hits you but does no damage.
You shoot an arrow.
The arrow hits the orc priest but does no damage.
The orc priest is heavily wounded.
The orc hits you but does no damage.
The orc priest begins to cast a cantrip, but forgets the words!
The orc hits you with a +0 mace.
The orc priest hits you with a +0 falchion.
You shoot an arrow. The arrow hits the orc priest.
The arrow burns the orc priest.
The orc priest is severely wounded.
The orc barely misses you. The orc priest barely misses you.
You shoot an arrow. The arrow barely misses the orc priest.
The orc hits you but does no damage.
The orc priest hits you but does no damage.
The orc hits you with a +0 mace.
You die...

#### ..# # #.#
.###.#####.#########
.....ooo##....:....#
#@##.........#
#.##.##.........#
#...............#
...................#
#######.##.........#
#.##....%....#
#.##.........#
.............#
#.#.#####..#####


You could see an orc priest and 2 orcs.

Vanquished Creatures
  3 adders (D:2)
  A dart slug (D:1)
  A ribbon worm (D:2)
  2 ball pythons
  3 endoplasms
  2 giant cockroaches (D:2)
  9 goblins
  5 hobgoblins
  2 jackals (D:1)
  3 quokkas
  3 bats
  A frilled lizard (D:1)
  2 kobolds
  3 rats (D:1)
40 creatures vanquished.

Notes
Turn   | Place    | Note
-------+----------+-------------------------------------------
     0 | D:1      | qw the Djinni Hunter began the quest for the Orb.
     0 | D:1      | Reached XP level 1. HP: 18/18 MP: 0/0
     0 | D:1      | 0 ||| qw: Version: 0.3-a-136-gdd3b4e8
     0 | D:1      | 0 ||| qw: Game counter: 976
     0 | D:1      | 0 ||| qw: Melee chars always use a shield: true
     0 | D:1      | 0 ||| qw: God list: Okawaru
     0 | D:1      | 0 ||| qw: Allow faded altars: false
     0 | D:1      | 0 ||| qw: Do Orc after clearing Dungeon:15 true
     0 | D:1      | 0 ||| qw: Do second Lair branch before Depths: true
     0 | D:1      | 0 ||| qw: Lair rune preference: random
     0 | D:1      | 0 ||| qw: Goals: Normal
     0 | D:1      | 0 ||| PLANNING D:1-11
   126 | D:1      | Reached XP level 2. HP: 23/23 MP: 0/0
   609 | D:1      | 609 ||| READING 2 scrolls labelled JIAT ILEAGE.
   614 | D:1      | 614 ||| READING 2 scrolls labelled FIGOPI PELIOTT.
   615 | D:1      | 615 ||| READING scroll labelled WIMNO TALAEN.
   615 | D:1      | 615 ||| IDENTIFYING fizzy green potion
   616 | D:1      | 616 ||| READING scroll labelled IMOUTT PAHEO.
   616 | D:1      | 616 ||| BRANDING +0 shortbow.
   617 | D:1      | 617 ||| DROPPING scroll of butterflies.
   618 | D:1      | 618 ||| DROPPING scroll of summoning.
   619 | D:1      | 619 ||| DROPPING potion of invisibility.
   644 | D:2      | Reached skill level 4 in Ranged Weapons
   644 | D:2      | Reached XP level 3. HP: 28/28 MP: 0/0
   644 | D:2      | Learned a level 1 spell: Slow
   736 | D:2      | Found a runed translucent door.
   737 | D:2      | Noticed Crazy Yiuf
   939 | D:2      | Reached skill level 3 in Fighting
   939 | D:2      | Reached XP level 4. HP: 35/35 MP: 0/0
  1121 | D:2      | 1121 ||| UPGRADING to +0 ring mail.
  1131 | D:2      | 1131 ||| DROPPING +0 leather armour.
  1132 | D:2      | 1132 ||| READING 4 scrolls of identify.
  1132 | D:2      | 1132 ||| IDENTIFYING smoky brown potion
  1133 | D:2      | 1133 ||| READING 3 scrolls of identify.
  1133 | D:2      | 1133 ||| IDENTIFYING 2 brown potions
  1134 | D:2      | 1134 ||| DRINKING 2 potions of mutation.
  1134 | D:2      | Gained mutation: You are agile. (Dex +4, Str/Int -1)
                  | [potion of mutation]
  1134 | D:2      | Gained mutation: You are partially covered in iridescent
                  | scales. (AC +2) [potion of mutation]
  1134 | D:2      | Gained mutation: You expend health (3 HP) to strengthen
                  | your wands. [potion of mutation]
  1134 | D:2      | Gained mutation: You have sharp fingernails. [potion of
                  | mutation]
  1135 | D:2      | 1135 ||| DRINKING potion of mutation.
  1135 | D:2      | Lost mutation: You have sharp fingernails. [potion of
                  | mutation]
  1135 | D:2      | Lost mutation: You are agile. (Dex +4, Str/Int -1) [potion
                  | of mutation]
  1135 | D:2      | Lost mutation: You expend health (3 HP) to strengthen your
                  | wands. [potion of mutation]
  1136 | D:2      | 1136 ||| READING 2 scrolls of identify.
  1136 | D:2      | 1136 ||| IDENTIFYING scroll labelled CIXAEM CUSY
  1137 | D:2      | 1137 ||| DROPPING scroll of poison.
  1184 | D:3      | Noticed Robin
  1202 | D:3      | HP: 4/35 [goblin/+2 dagger of venom[Robin] (6)]
  1203 | D:3      | 1203 ||| READING scroll of teleportation.
  1204 | D:3      | 1204 ||| DRINKING potion of heal wounds.
  1273 | D:3      | HP: 6/35 [orc priest/+0 falchion (4)]
  1275 | D:3      | HP: 1/35 [orc priest/+0 falchion (4)]
  1277 | D:3      | Slain by an orc

Levels and vault maps discovered:
D:1:      minmay_arrival_loop, layout_loops_ring, hangedman_abyss_or_decor_stabs
D:2:      layout_rooms, chequers_mini_garden, uniq_crazy_yiuf_cottage
D:3:      layout_loops_ring, dk_noncrumbling_3, nicolae_kite_square_tiling_tiny,
          uniq_robin

Skill      XL: |  1  2  3 |
---------------+----------+-----
Ranged Weapons | 4 |  4.0
Fighting       | 3 |  3.0
Armour         | |  0.9
Dodging        | |  2.6
Stealth        | |  0.7

Action                     |  1- 3 |  4- 6 || total
---------------------------+-------+-------++-------
   Fire: Shortbow          |    79 |    53 ||   132
    Use: Scroll            |     4 |     4 ||     8
         Potion            |       |     3 ||     3
 Armour: Leather armour    |    14 |     1 ||    15
         Ring mail         |       |    64 ||    64
  Dodge: Dodged            |    21 |    45 ||    66

Table legend:
 A = Non-vault XP
 B = Vault XP
 C = Vault XP percentage of total XP
 D = Non-vault monster count
 E = Vault monster count
 F = Vault count percentage of total count
                 A         B        C        D         E       F
            +---------+---------+-------+---------+---------+-------
      Total |      92 |      15 |  14.0 |      32 |       8 |  20.0
            +---------+---------+-------+---------+---------+-------
        D:1 |      28 |       0 |   0.0 |      16 |       0 |   0.0
        D:2 |      60 |       0 |   0.0 |      14 |       0 |   0.0
        D:3 |       4 |      15 |  78.9 |       2 |       8 |  80.0
            +---------+---------+-------+---------+---------+-------
